 Dungeon Crawl Stone Soup version 0.28.0-43-g3370ac3207 (webtiles) character file.

Game seed: 14184243193146796608

186 Iusername the Covered (level 5, -10/47 HPs)
             Began as a Minotaur Fighter on Apr 1, 2022.
             Was a Follower of Qazlal.
             Mangled by a two-headed ogre
             ... wielding a +0 giant club
              (15 damage)
             ... on level 4 of the Dungeon.
             The game lasted 00:12:34 (3696 turns).

Iusername the Covered (Minotaur Fighter)            Turns: 3696, Time: 00:12:38

Health: -10/47     AC: 10    Str: 16    XL:     5   Next: 38%
Magic:  4/4        EV:  9    Int:  9    God:    Qazlal [*.....]
Gold:   190        SH:  7    Dex: 11    Spells: 4/4 levels left

rFire   . . .      SeeInvis .   m - +2 rapier of Breach {holy, Str-5 Int+4 Stlth+}
rCold   . . .      Faith    .   c - +0 buckler
rNeg    . . .      Spirit   .   b - +0 scale mail
rPois   +          Reflect  .   (helmet restricted)
rElec   .          Harm     .   j - +2 cloak of Love and Death {-Cast +Inv rPois}
rCorr   .          Rampage  .   (no gloves)
Will    .....      NoCast   +   (no boots)
Stlth   +.........              (no amulet)
HPRegen 0.15/turn               (no ring)
MPRegen 0.09/turn               (no ring)

@: no status effects
A: horns 2, retaliatory headbutt
a: Renounce Religion, Evoke Invisibility


You were on level 4 of the Dungeon.
You worshipped Qazlal.
Qazlal was aware of your devotion.
You visited 1 branch of the dungeon, and saw 4 of its levels.

You collected 190 gold pieces.

Inventory:

Hand Weapons
 a - a +0 long sword
 m - the +2 rapier of Breach (weapon) {holy, Str-5 Int+4 Stlth+}
   (You found it on level 3 of the Dungeon)

   It has been blessed by the Shining One to cause great damage to the undead
   and demons.
   Str:       It affects your strength (-5).
   Int:       It affects your intelligence (+4).
   Stlth:     It makes you more stealthy.
Armour
 b - a +0 scale mail (worn)
 c - a +0 buckler (worn)
 j - the +2 cloak of Love and Death (worn) {-Cast +Inv rPois}
   (You found it on level 3 of the Dungeon)

   rPois:     It protects you from poison.
   +Inv:      It lets you turn invisible.
   -Cast:     It prevents spellcasting.
 n - a +0 robe
Scrolls
 f - 6 scrolls of identify {unknown}
 g - 2 scrolls of teleportation {unknown}
 i - a scroll of acquirement {unknown}
 k - a scroll of immolation {unknown}
 l - a scroll of vulnerability {unknown}
Potions
 d - a potion of might
 e - 2 potions of mutation {unknown}
 h - a potion of curing {unknown}


   Skills:
 + Level 4.6 Fighting
 + Level 4.5 Long Blades
 + Level 4.8 Armour
 + Level 0.5 Dodging
 + Level 4.4 Shields


You had 4 spell levels left.
You didn't know any spells.
Your spell library contained the following spells:

 Spells                   Type           Power      Damage    Failure   Level
 Portal Projectile        Hex/Tloc       0%         N/A       99%         3
 Blade Hands              Tmut           0%         N/A       100%        5
 Excruciating Wounds      Necr           0%         N/A       100%        5


Dungeon Overview and Level Annotations

Branches:
Dungeon (4/15)
 Temple: D:4-7

Altars:
Kikubaaqudgha
Makhleb
Qazlal
Zin


Innate Abilities, Weirdness & Mutations

You have a pair of horns on your head.
You reflexively headbutt those who attack you in melee.


Message History

Press: ? - help, Dir - move target, f - you
Okay, then.
You climb downwards.
You hear the hiss of flowing sand.
There is an entrance to an ossuary on this level.
Hurry and find it before the portal is buried!
The ball python hisses angrily.
The kobold shouts!
Found a scroll labelled WOITWA KAMULEF, a club and 5 gold pieces.
Found a stone staircase leading down.
There is a stone staircase leading up here.
A two-headed ogre comes into view.
It is wielding a +0 giant club and a +0 giant spiked club.
The two-headed ogre shouts in stereo!
A hound comes into view.
You see here a scroll labelled WOITWA KAMULEF.
The ball python barely misses you. You furiously retaliate!
You headbutt the ball python!
You kill the ball python!
Qazlal accepts your kill.
The kobold throws a stone.
The stone closely misses you. You block the hound's attack.
You closely miss the two-headed ogre. You headbutt the two-headed ogre.
The two-headed ogre is lightly wounded.
A quokka comes into view.
The hound bites you but does no damage.
The two-headed ogre hits you with a +0 giant club!
The two-headed ogre hits you with a +0 giant spiked club!!
* * * LOW HITPOINT WARNING * * *
You hit the two-headed ogre.
The two-headed ogre is lightly wounded.
The hound barely misses you. The hound bites you.
* * * LOW HITPOINT WARNING * * *
The two-headed ogre hits you with a +0 giant club!
* * * LOW HITPOINT WARNING * * *
The two-headed ogre completely misses you.
You hit the two-headed ogre. You headbutt the two-headed ogre!
The two-headed ogre is moderately wounded.
The hound bites you but does no damage. The hound barely misses you.
You furiously retaliate!
You headbutt the hound. The two-headed ogre barely misses you.
The two-headed ogre hits you with a +0 giant spiked club!
You die...

##......#.##....
........>......
#..... .......
#...###.......
#<......##...
#...†?.......
.##.....)......
........OK..###.
.........@h..#
....##..........#
..###....$..r..##
. .............#
#...#######..#
#.+# .... .. ...
..


You could see a two-headed ogre, a hound, a quokka and a kobold.

Vanquished Creatures
  A bullfrog skeleton (D:3)
  8 adders
  An ufetubus (D:3)
  An adder skeleton (D:3)
  4 worms
  3 dart slugs (D:1)
  6 endoplasms
  A giant cockroach (D:2)
  6 goblins
  4 hobgoblins
  7 kobolds
  A quokka (D:3)
  6 ball pythons
  7 bats
  7 frilled lizards
  2 rats (D:1)
65 creatures vanquished.

Notes
Turn   | Place    | Note
-------+----------+-------------------------------------------
     0 | D:1      | Iusername the Minotaur Fighter began the quest for the Orb.
     0 | D:1      | Reached XP level 1. HP: 19/19 MP: 0/0
   257 | D:1      | Reached XP level 2. HP: 25/27 MP: 1/1
   600 | D:1      | Reached XP level 3. HP: 24/33 MP: 2/2
  1291 | D:2      | Reached XP level 4. HP: 16/41 MP: 3/3
  2087 | D:2      | Found a faded altar of an unknown god.
  2122 | D:2      | Prayed at the altar of an unknown god.
  2122 | D:2      | Became a worshipper of Qazlal Stormbringer
  2122 | D:2      | Reached * piety under Qazlal
  2915 | D:3      | Identified the +2 cloak of Love and Death {-Cast +Inv
                  | rPois}
  2985 | D:3      | Found an ancient bone altar of Kikubaaqudgha.
  2998 | D:3      | Reached XP level 5. HP: 45/47 MP: 4/4
  3101 | D:3      | Found a glowing silver altar of Zin.
  3101 | D:3      | Found a burning altar of Makhleb.
  3102 | D:3      | Noticed a balrug
  3102 | D:3      | Noticed an angel
  3203 | D:3      | Found a glowing drain.
  3437 | D:3      | Identified the +2 rapier of Breach {holy, Str-5 Int+4
                  | Stlth+}
  3687 | D:4      | Noticed a two-headed ogre
  3696 | D:4      | Mangled by a two-headed ogre

Illustrated notes

Levels and vault maps discovered:
D:1:      tarquinn_simple_flora_water_d, layout_loops_ring,
          minmay_misc_feat_more_columns, chequers_serial_rivers_large_b,
          minmay_misc_feat_iff
D:2:      layout_basic, chequers_ecumenical_altar_simple_redux,
          hangedman_decor_clover_reticule, chequers_serial_rivers_small_b,
          chequers_serial_rivers_micro_b
D:3:      layout_rooms, grunt_temple_overflow_order_and_chaos_2,
          mainiacjoe_overflow_chevrons, cheibrodos_sewer_entry_sluice,
          hex_large, grunt_decor_mini_mirrors
D:4:      layout_cave_pools, grunt_gozag_breadcrumbs, minmay_temple_entry_tees,
          nicolae_ossuary_entry_false_entrances, uniq_eustachio, uniq_sigmund

Skill      XL: |  1  2  3  4 |
---------------+-------------+-----
Fighting       | 4 |  4.6
Armour         | 4 |  4.8
Shields        | 4 |  4.4
Long Blades    | 3 4 |  4.5
Dodging        | |  0.5

Action                   |  1- 3 |  4- 6 || total
-------------------------+-------+-------++-------
Melee: Long sword        |    73 |    65 ||   138
       Headbutt          |     9 |    17 ||    26
       Rapier            |       |     3 ||     3
Armor: Scale mail        |    47 |    30 ||    77
Dodge: Dodged            |    40 |    42 ||    82
Block: Buckler           |    17 |    30 ||    47
